Arena
504719956Analyzed4v4 RM
·
26d ago on Sep 6, 2026·
37m 48s·
8 players
Game mode
Random Map
Map size
Large (8 player)
Population
200
Speed
Normal
Resources
Standard
Victory
Conquest
Starting age
Dark Age
Ending age
Imperial Age
RankedLock teamsTeams togetherTeam positionsShared explorationLock speedFull tech treeHidden civsTurbo modeCheats
Victory
Defeat
Replay analysis
Mr. Takoyaki-san
12:10
Feudal Age
15:34
Castle Age
14:08
Double-Bit Axe
14:05
Horse Collar
16:29
Wheelbarrow
23:38
Hand Cart
24:30
Heavy Plow
24:48
Bow Saw
24:32
Gold Mining
26:29
Gold Shaft Mining
25:44
Stone Mining
28:22
Stone Shaft Mining
32:54
Imperial Age
30:55
Scale Barding Armor
31:01
Forging
31:29
Scale Mail Armor
32:24
Chain Barding Armor
32:11
Husbandry
32:21
Bloodlines
33:27
Iron Casting
32:32
Cavalier
33:39
Conscription
32:41
Elite War Elephant
34:08
Plate Barding Armor
33:57
Savar
36:38
Blast Furnace
ants
10:51
Feudal Age
16:34
Castle Age
21:56
Wheelbarrow
22:51
Horse Collar
28:46
Imperial Age
28:12
Fletching
28:54
Detinets
30:05
Conscription
30:48
Bodkin Arrow
32:01
Druzhina
32:41
Elite Boyar
35:34
Heavy Scorpion
37:35
Onager
Malai-Chaap
0:45
Loom
9:37
Loom
13:31
Feudal Age
14:04
Double-Bit Axe
21:49
Castle Age
26:40
Chemistry
34:26
Imperial Age
35:49
Houfnice
38:17
Bow Saw
37:50
Horse Collar
38:58
Wheelbarrow
38:08
Town Watch
[FnL^metalheadz]
11:42
Feudal Age
11:29
Loom
14:54
Castle Age
13:21
Double-Bit Axe
13:32
Stone Mining
14:26
Horse Collar
20:41
Heavy Plow
21:17
Gold Mining
22:07
Bow Saw
24:29
Fortified Wall
24:25
Town Watch
25:38
Murder Holes
26:26
Fletching
32:33
Imperial Age
29:50
Town Watch
30:51
Bodkin Arrow
31:35
Gold Shaft Mining
35:03
Ballistics
36:33
Town Watch
37:24
Town Watch
Alfesin94
7:37
Loom
11:11
Feudal Age
15:15
Castle Age
19:56
Horse Collar
21:15
Double-Bit Axe
26:30
Gold Mining
27:40
Ballistics
29:55
Murder Holes
30:21
Pikeman
31:49
Masonry
34:32
Caravan
37:37
Imperial Age
39:26
Chemistry
juniornmlima
12:40
Feudal Age
10:57
Loom
17:38
Castle Age
16:34
Town Watch
23:48
Horse Collar
28:47
Wheelbarrow
32:39
Imperial Age
31:45
Heavy Plow
31:54
Fletching
32:05
Padded Archer Armor
34:05
Conscription
34:05
Bodkin Arrow
34:26
Leather Archer Armor
37:20
Hand Cart
37:06
Town Patrol
37:00
Gold Mining
37:00
Stone Mining
37:34
Ballistics
37:10
Murder Holes
Zbar
0:36
Loom
12:35
Feudal Age
18:00
Town Watch
20:43
Castle Age
18:56
Horse Collar
19:04
Double-Bit Axe
19:33
Gold Mining
19:36
Stone Mining
24:07
Heavy Plow
24:25
Bow Saw
24:35
Murder Holes
30:15
Wheelbarrow
31:23
Wheelbarrow
31:16
Anarchy
31:39
Forging
31:29
Scale Mail Armor
32:17
Wheelbarrow
32:05
Fervor
33:20
Chain Mail Armor
33:42
Iron Casting
33:35
Murder Holes
34:01
Ballistics
37:35
Imperial Age
35:25
Hand Cart
NAGA HITAM
1:10
Loom
2:13
Loom
11:06
Feudal Age
15:34
Castle Age
20:38
Double-Bit Axe
20:47
Horse Collar
24:55
Fletching
25:13
Padded Archer Armor
28:30
Bodkin Arrow
28:51
Leather Archer Armor
30:15
Heavy Plow
30:43
Bow Saw
34:12
Imperial Age
32:20
Wheelbarrow
32:41
Forging
32:25
Town Watch
35:03
Sappers
35:33
Tusk Swords
35:21
Heavy Scorpion
36:46
Ring Archer Armor
36:32
Bracer
36:53
Hand Cart
36:39
Town Patrol
37:48
Double Crossbow